 Dungeon Crawl Stone Soup version 0.29.1-2-gbd0b4ee654 (webtiles) character file.

Game seed: 10550582065996940901

23 Condegh the Chopper (level 3, -1/33 HPs)
             Began as a Hill Orc Monk on Nov 4, 2022.
             Slain by Terence
             ... wielding a +2 vorpal flail
              (2 damage)
             ... on level 1 of the Dungeon.
             The game lasted 00:04:23 (1044 turns).

Condegh the Chopper (Hill Orc Monk)                 Turns: 1044, Time: 00:04:23

Health: -1/33      AC: 11    Str: 15    XL:     3   Next: 0%
Magic:  3/3        EV:  6    Int: 10    God:
Gold:   20         SH:  3    Dex: 13    Spells: 2/2 levels left

rFire   . . .      SeeInvis .   a - +0 hand axe
rCold   . . .      Faith    .   m - +0 buckler
rNeg    . . .      Spirit   .   f - +0 chain mail
rPois   .          Reflect  .   (no helmet)
rElec   .          Harm     .   (no cloak)
rCorr   .          Rampage  .   l - +2 pair of gloves
Will    .....                   (no boots)
Stlth   ..........              (no amulet)
HPRegen 0.11/turn               (no ring)
MPRegen 0.08/turn               (no ring)

@: no status effects
A: no striking features
a: no special abilities


You were on level 1 of the Dungeon.
You visited 1 branch of the dungeon, and saw 2 of its levels.

You collected 20 gold pieces.

Inventory:

Hand Weapons
 a - a +0 hand axe (weapon)
Armour
 b - a +0 robe
 f - a +0 chain mail (worn)
 l - a +2 pair of gloves (worn)
 m - a +0 buckler (worn)
Scrolls
 e - a scroll of immolation
 g - a scroll of magic mapping
 j - a scroll of identify
Potions
 c - a potion of ambrosia
 d - a potion of brilliance {unknown}
 h - a potion of degeneration {unknown}
 i - a potion of cancellation {unknown}
 k - a potion of flight {unknown}
 n - a potion of magic {unknown}
 o - a potion of mutation {unknown}


   Skills:
 - Level 4.0 Fighting
 + Level 4.5 Axes
 + Level 1.5 Armour
 - Level 2.4 Dodging
 - Level 1.5 Stealth
 + Level 0.2 Shields


You had 2 spell levels left.
You didn't know any spells.
Your spell library was empty.

Dungeon Overview and Level Annotations

Branches:
Dungeon (2/15)

Altars:

Annotations:
D:1 Terence


Message History

Terence the Incautious comes into view.
He is wielding a +2 vorpal flail and wearing a +3 scale mail of willpower.
Terence shouts!
An endoplasm comes into view.
You barely miss Terence. Terence barely misses you.
You hit Terence but do no damage. You block Terence's attack.
You completely miss Terence.
Terence says, "You're history."
Terence hits you but does no damage.
You barely miss Terence.
Terence hits you with a +2 vorpal flail.
You barely miss Terence. Terence hits you but does no damage.
You hit Terence but do no damage.
Terence hits you with a +2 vorpal flail. x2
You barely miss Terence.
Terence hits you with a +2 vorpal flail!
You hit Terence.
Terence is lightly wounded.
You block Terence's attack.
You hit Terence but do no damage.
Terence is lightly wounded.
Terence hits you but does no damage.
You closely miss Terence.
Terence is lightly wounded.
Terence barely misses you. Terence attacks as you move away!
Terence hits you but does no damage. Terence attacks as you move away!
Terence barely misses you.
There is a stone staircase leading up here.
Terence hits you with a +2 vorpal flail.
You climb upwards.
There is a stone staircase leading down here.
Terence attacks as you move away! Terence barely misses you.
Terence attacks as you move away! Terence hits you but does no damage.
Terence attacks as you move away!
Terence hits you with a +2 vorpal flail.
* * * LOW HITPOINT WARNING * * *
Terence attacks as you move away! Terence barely misses you.
Terence attacks as you move away!
Terence hits you with a +2 vorpal flail!
* * * LOW HITPOINT WARNING * * *
You die...

...............##.# #.#
.#..#...#.#....##.# #.#
.#...........#.##.# #.#
.#.###..#.#..#.##.######.#
.#.#.........#...........#
.....####.#..#..#.####.###
##....# #.#..#..#.# #.##
#####.###.#.....#.####..#
....#.....#.#.#.@...###.######
###......##....@##..###.#....#
#......^..#.#..##...#.#.##.#
#...............##.##.#..#.#
#.......#...#......##.##.#.#
#......##.######....#....#.#
#########.....##..#.######.#
#######........>#......#
#.......#.#####.#.######


You could see Terence.

Vanquished Creatures
  2 ball pythons (D:1)
  2 endoplasms (D:1)
  4 goblins (D:1)
  4 hobgoblins (D:1)
  A kobold (D:1)
  A quokka (D:1)
  3 bats (D:1)
  A frilled lizard (D:1)
  A rat (D:1)
19 creatures vanquished.

Notes
Turn   | Place    | Note
-------+----------+-------------------------------------------
     0 | D:1      | Condegh the Hill Orc Monk began the quest for the Orb.
     0 | D:1      | Reached XP level 1. HP: 19/19 MP: 1/1
   104 | D:1      | Reached XP level 2. HP: 11/27 MP: 2/2
   112 | D:1      | Reached skill level 1 in Armour
   836 | D:1      | Reached XP level 3. HP: 33/33 MP: 3/3
  1008 | D:2      | Noticed Terence
  1044 | D:1      | HP: 1/33 [Terence/+2 vorpal flail (8)]
  1044 | D:1      | Slain by Terence

Illustrated notes

Levels and vault maps discovered:
D:1:      saegor_arrival_miasma, layout_basic, serial_glass, glass_columns_c,
          glass_columns_a, glass_columns_a, glass_columns_b, glass_columns_a,
          patterned_corridor
D:2:      layout_basic, uniq_sigmund, uniq_crazy_yiuf_cottage, uniq_jessica,
          uniq_terence

Skill      XL: |  1  2 |
---------------+-------+-----
Armour         | 1 |  1.5
Fighting       | 4 |  4.0
Axes           | |  4.5
Dodging        | |  2.4
Stealth        | |  1.5
Shields        | |  0.2

Action                   || total
-------------------------++-------
Melee: Hand axe          ||    73
       Punch             ||     2
  Use: Scroll            ||     2
Armor: Chain mail        ||    63
       Robe              ||     1
Dodge: Dodged            ||    42
Block: Buckler           ||     3
